 Dungeon Crawl Stone Soup version 0.29.1-4-g47bece8355 (webtiles) character file.

Game seed: 2119480884723070367

134180 GeoRichter the Markskobold (level 17, -16/101 HPs)
             Began as a Kobold Hunter on Dec 4, 2022.
             Was the Champion of Hepliaklqana.
             Killed from afar by a salamander tyrant (46 damage)
             ... on level 2 of the Snake Pit.
             The game lasted 00:57:31 (29211 turns).

GeoRichter the Markskobold (Kobold Hunter)         Turns: 29211, Time: 00:57:31

Health: -16/101    AC: 20    Str: 10    XL:     17   Next: 74%
Magic:  21/23      EV: 25    Int: 11    God:    Hepliaklqana [******]
Gold:   2791       SH:  5    Dex: 28    Spells: 16/16 levels left

rFire   . . .      SeeInvis .   a - +6 arbalest (venom)
rCold   . . .      Faith    .   (shield currently unavailable)
rNeg    + + .      Spirit   .   I - +2 ring mail "Orphodghiaw" {rN+ Dex+4}
rPois   +          Reflect  +   Q - +1 helmet of Kapuqih {rElec rN+}
rElec   +          Harm     .   f - +0 cloak
rCorr   .          Rampage  .   U - +0 pair of gloves
Will    +....                   L - +1 pair of boots
Stlth   +++++++...              z - amulet of reflection
HPRegen 0.26/turn               F - ring of poison resistance
MPRegen 0.18/turn               B - +4 ring of protection

@: weakened
A: reduced essence, small, no large weapons, nightstalker 3
a: Renounce Religion, Recall Ancestor, Ancestor Identity, Transference, Idealise


You were on level 2 of the Snake Pit.
You worshipped Hepliaklqana.
Hepliaklqana was exalted by your worship.
You visited 5 branches of the dungeon, and saw 25 of its levels.
You also visited: Sewer and Gauntlet.

You collected 3491 gold pieces.
You spent 700 gold pieces at shops.

Inventory:

Hand Weapons
 a - a +6 arbalest of venom (weapon)
   (You bought it in a shop on level 10 of the Dungeon)
 b - a +4 dagger
   (You took it off a goblin on level 2 of the Dungeon)
Missiles
 i - 3 throwing nets {!f}
Armour
 e - a +1 leather armour of fire resistance
   (You found it on level 7 of the Dungeon)
 f - a +0 cloak (worn)
   (You found it on level 1 of the Dungeon)
 I - the +2 ring mail "Orphodghiaw" (worn) {rN+ Dex+4}
   (You found it on level 8 of the Dungeon)

   Dex:       It affects your dexterity (+4).
   rN:        It protects you from negative energy.
 L - a +1 pair of boots (worn)
   (You found it on level 11 of the Dungeon)
 M - +0 acid dragon scales
   (You found it on level 11 of the Dungeon)
 Q - the +1 helmet of Kapuqih (worn) {rElec rN+}
   (You found it in a Gauntlet)

   rElec:     It insulates you from electricity.
   rN:        It protects you from negative energy.
 U - a +0 pair of gloves (worn)
   (You found it on level 12 of the Dungeon)
 V - the +2 robe of Free Will {rC+ Dex+4}
   (You found it on level 14 of the Dungeon)

   Dex:       It affects your dexterity (+4).
   rC:        It protects you from cold.
Jewellery
 z - an amulet of reflection (around neck)
   (You found it on level 5 of the Dungeon)
 B - a +4 ring of protection (right hand)
   (You found it on level 6 of the Dungeon)
 F - a ring of poison resistance (left hand)
   (You found it on level 1 of the Lair of Beasts)
 S - a ring of flight
   (You bought it in a shop on level 2 of the Orcish Mines)
Wands
 c - a wand of iceblast (11)
   (You took it off a kobold on level 7 of the Dungeon)
 j - a wand of quicksilver (25)
   (You took it off Terence on level 2 of the Dungeon)
 u - a wand of charming (22)
   (You took it off a gnoll on level 3 of the Dungeon)
 H - a wand of digging (8)
   (You found it on level 10 of the Dungeon)
 O - a wand of mindburst (14)
   (You found it on level 11 of the Dungeon)
 W - a wand of polymorph (12)
   (You found it in a Gauntlet)
Scrolls
 k - 4 scrolls of enchant weapon
 l - 3 scrolls of enchant armour
 p - 5 scrolls of fog
 v - 13 scrolls of teleportation {@r4}
 x - 3 scrolls of summoning
 y - 2 scrolls of vulnerability {!r}
 A - 6 scrolls of immolation {!r}
 C - 4 scrolls of blinking
 E - 3 scrolls of fear
 G - 3 scrolls of amnesia
 R - 2 scrolls of silence
 T - 2 scrolls of poison
Potions
 d - a potion of resistance
 g - 3 potions of magic
 h - 4 potions of brilliance
 m - 5 potions of heal wounds {@q2}
 n - 2 potions of flight
 q - 6 potions of haste {@q3}
 r - a potion of lignification {!q}
 s - 3 potions of might
 t - 3 potions of mutation {!q}
 w - 8 potions of cancellation
 D - 12 potions of curing {@q1}
 N - 2 potions of attraction {!q}
 P - 3 potions of ambrosia
 X - 2 potions of invisibility
Miscellaneous
 o - a box of beasts
   (You found it on level 14 of the Dungeon)
 J - a condenser vane (inert)
   (You found it on level 8 of the Dungeon)
 K - a phantom mirror (inert)
   (You found it on level 8 of the Dungeon)
 Y - a lightning rod (4/4) {!a}
   (You found it on level 1 of the Snake Pit)


   Skills:
 * Level 15.0 Fighting
 + Level 8.9 Short Blades
 - Level 18.0 Ranged Weapons
 - Level 8.0 Armour
 + Level 13.0 Dodging
 + Level 16.4 Stealth
 + Level 8.1 Invocations
 + Level 10.8 Evocations


You had 16 spell levels left.
You didn't know any spells.
Your spell library contained the following spells:

 Spells                   Type           Power      Damage    Failure   Level
 Apportation              Tloc           0%         N/A       61%         1
 Beastly Appendage        Tmut           0%         N/A       61%         1
 Freeze                   Ice            0%         1d3       61%         1
 Necrotise                Necr           0%         1d4       61%         1
 Sting                    Tmut/Pois      0%         1d3       61%         1
 Summon Small Mammal      Summ           0%         N/A       61%         1
 Blink                    Tloc           0%         N/A       75%         2
 Poisonous Vapours        Pois/Air       0%         N/A       75%         2
 Static Discharge         Conj/Air       0%         3-3/arc   75%         2
 Sublimation of Blood     Necr           0%         N/A       75%         2
 Wereblood                Tmut           0%         N/A       75%         2
 Call Canine Familiar     Summ           0%         N/A       93%         3
 Conjure Flame            Conj/Fire      0%         6-21      93%         3
 Dazzling Flash           Conj/Hex       0%         N/A       93%         3
 Frozen Ramparts          Ice            0%         1d1       93%         3
 Gell's Gravitas          Tloc           0%         N/A       93%         3
 Ignite Poison            Fire/Tmut/Pois 0%         N/A       93%         3
 Lesser Beckoning         Tloc           0%         N/A       93%         3
 Ozocubu's Armour         Ice            0%         N/A       93%         3
 Spider Form              Tmut/Pois      0%         N/A       93%         3
 Summon Guardian Golem    Hex/Summ       0%         N/A       93%         3
 Teleport Other           Tloc           0%         N/A       93%         3
 Vampiric Draining        Necr           0%         2d6       93%         3
 Anguish                  Hex/Necr       0%         N/A       100%        4
 Animate Dead             Necr           0%         N/A       100%        4
 Hailstorm                Conj/Ice       0%         3d3       100%        4
 Olgreb's Toxic Radiance  Pois           0%         N/A       100%        4
 Petrify                  Tmut/Erth      0%         N/A       100%        4
 Sticky Flame             Conj/Fire      0%         2d3       100%        4
 Summon Lightning Spire   Summ/Air       0%         N/A       100%        4
 Agony                    Necr           0%         N/A       100%        5
 Alistair's Intoxication  Tmut/Pois      0%         N/A       100%        5
 Borgnjor's Vile Clutch   Necr/Erth      0%         N/A       100%        5
 Freezing Cloud           Conj/Ice/Air   0%         6-21      100%        5
 Irradiate                Conj/Tmut      0%         3d11      100%        5
 Lightning Bolt           Conj/Air       0%         1d11      100%        5
 Manifold Assault         Tloc           0%         N/A       100%        5
 Metabolic Englaciation   Hex/Ice        0%         N/A       100%        5
 Death Channel            Necr           0%         N/A       100%        6
 Simulacrum               Ice/Necr       0%         N/A       100%        6
 Storm Form               Tmut/Air       0%         N/A       100%        7
 Maxwell's Capacitive Co  Air            0%         ∞         100%        8
 Dragon's Call            Summ           0%         N/A       100%        9
 Polar Vortex             Ice            0%         N/A       100%        9


Dungeon Overview and Level Annotations

Branches:
Dungeon (15/15) Zot: 24813  Temple (1/1) D:7 Zot: 5743    Lair (5/5) D:11 Zot: 24447
  Swamp (0/4) Lair:2        Snake (2/4) Lair:2 Zot: 10593   Slime (0/5) Lair:4
    Orc (2/2) D:9 Zot: 9241     Elf (0/3) Orc:2        Vaults (0/5) D:13
 Depths (0/4) D:15          Sewer (visited)         Gauntlet (visited)

Altars:
Ashenzari
Cheibriados
Dithmenos
Elyvilon
Fedhas
Gozag
Hepliaklqana
Kikubaaqudgha
Makhleb
Nemelex Xobeh
Okawaru
Qazlal
Ru
Sif Muna
Trog
Uskayaw
Vehumet
Wu Jian
Xom
Yredelemnul
Zin
The Shining One

Shops:
D:3 (   D:10 *:**   D:11 *   D:15 :   Orc:2 ([?*

Annotations:
D:5 2 transporters
D:9 exclusion: door
Orc:1 1 runed translucent door


Innate Abilities, Weirdness & Mutations

Your life essence is reduced to manifest your ancestor. (-10% HP)
You are small and have problems with some larger weapons.
You are completely attuned to the shadows.


Message History

There is a staircase back to the Lair here.
There is a stone staircase leading down here.
You climb downwards.
Found 21 gold pieces.
There is a stone staircase leading up here.
You now have 2791 gold pieces (gained 21).
An anaconda comes into view.
An anaconda is nearby!
An anaconda is nearby!
You shoot a bolt. The bolt hits the anaconda!
The anaconda is poisoned.
The anaconda hisses angrily.
You shoot a bolt. The bolt barely misses the anaconda.
The anaconda grabs you. The anaconda bites you. The anaconda constricts you.
You escape the anaconda's grasp.
You swap places.
Dagmar misses the anaconda.
The anaconda bites Dagmar but does no damage.
You shoot a bolt. Dagmar avoids your attack.
The bolt hits the anaconda!
The anaconda looks as sick as possible!
The anaconda bites Dagmar but does no damage.
Dagmar misses the anaconda.
The anaconda completely misses Dagmar.
You shoot a bolt. Dagmar avoids your attack.
The bolt hits the anaconda!!
You kill the anaconda!
No target in view!
You swap places.
A salamander tyrant and 3 salamanders come into view.
A salamander is wielding a +0 trident of venom.
A salamander is wielding a +2 trident of protection.
You shoot a bolt. The bolt barely misses the salamander.
Dagmar hits the salamander with a +0 broad axe of flaming!
Dagmar closely misses the salamander tyrant.
Dagmar hits the salamander with a +0 broad axe of flaming!
Dagmar hits the salamander tyrant with a +0 broad axe of flaming.
Dagmar hits the salamander tyrant with a +0 broad axe of flaming!
The salamander tyrant rends the earth beneath you!
The blast of magma engulfs you!! Why would you want to do that?
Why would you want to do that?
The salamander hits you from afar with a +2 trident of protection!
You are engulfed in flames!
* * * LOW HITPOINT WARNING * * *
Dagmar is recalled.
The salamander hits you from afar with a +0 halberd.
* * * LOW HITPOINT WARNING * * *
You are engulfed in flames!
* * * LOW HITPOINT WARNING * * *
The salamander tyrant gazes fiercely through you!
You feel your attacks grow feeble.
The salamander tyrant rends the earth beneath you!
The blast of magma engulfs Dagmar!!
Dagmar partially resists.
The blast of magma engulfs you!!!
You die...

................
.................
..................
......R...........
.....R............
......≈......<###
.....≈#####.###
....NN#####.#
#####NNR@...#
####≈..## #####


You could see the friendly Dagmar the knight, a salamander tyrant (ally target)
and 3 salamanders.

Vanquished Creatures
  Mlioglotl (Snake:1)
  Rupert (D:13)
  Kirke (Lair:3)
  Frances (D:14)
  Louise (D:15)
  Azrael (D:14)
  A boulder beetle (D:12)
  Erolcha (Orc:2)
  4 hydras
  A naga warrior (Snake:1)
  2 centaur warriors (D:13)
  An anaconda (Snake:2)
  2 two-headed ogres
  A catoblepas (Lair:5)
  4 death yaks (Lair:5)
  A deep troll shaman (Lair:5)
  A death scarab (Gauntlet)
  A tengu warrior (D:13)
  2 orc high priests (Orc:2)
  Lodul (D:14)
  3 skeletal warriors (D:15)
  2 bog bodies (Lair:2)
  A lindwurm (Lair:5)
  2 wizards (D:13)
  4 orc knights (Orc:2)
  2 deep elf pyromancers (D:13)
  2 necromancers
  2 mana vipers (Snake:1)
  A spectral boulder beetle (Gauntlet)
  5 manticores
  5 cyclopes
  4 orc sorcerers
  11 ugly things
  An elephant (Lair:5)
  2 salamanders (Snake:1)
  A guardian serpent (Snake:1)
  4 black mambas
  2 naga magi
  A centaur skeleton (D:15)
  An unseen horror (D:10)
  7 cane toads
  A yaktaur (D:13)
  6 komodo dragons
  An efreet (D:15)
  2 tengu conjurers (D:15)
  A rime drake (shapeshifter) (D:15)
  4 rime drakes
  A freezing wraith (D:14)
  A kobold demonologist (D:11)
  8 trolls
  2 meliai (Gauntlet)
  2 hornets
  A hornet (shapeshifter) (D:13)
  A harpy skeleton (D:15)
  2 slime creatures (D:13)
  3 dream sheep
  8 blink frogs
  Sigmund (D:2)
  8 wyverns
  11 humans (D:13)
  4 shadows
  2 wraiths
  22 yaks
  6 basilisks
  2 hogs (Lair:3)
  4 vampire mosquitoes
  4 wargs
  A steam dragon (D:6)
  2 swamp worms (Lair:2)
  2 acid dragons
  3 nagas
  6 water moccasins
  Duvessa (D:5)
  A sky beast (D:8)
  A black bear (shapeshifter) (D:7)
  5 black bears
  31 orc warriors
  4 ice beasts
  7 centaurs
  10 wolves
  8 ogres
  8 kobold brigands
  11 bullfrogs
  4 scorpions
  3 necrophages
  4 wights
  Dowan (D:5)
  19 killer bees
  3 electric eels (Lair:2)
  4 howler monkeys
  2 jellies
  A hound (D:4)
  Crazy Yiuf (D:3)
  3 gnoll boudas
  23 orc priests
  Jessica (D:2)
  Ijyb (D:3)
  4 iguanas
  Natasha (thrice) (D:3)
  29 orc wizards
  Terence (D:2)
  12 gnolls
  2 river rats
  7 adders
  A shadow imp (D:8)
  A white imp (D:8)
  An ufetubus (D:6)
  5 worms
  2 dart slugs (D:2)
  97 orcs
  5 ball pythons
  15 endoplasms
  6 giant cockroaches
  15 goblins
  6 hobgoblins
  4 quokkas
  6 bats
  5 frilled lizards
  24 kobolds
  9 rats
631 creatures vanquished.

Vanquished Creatures (collateral kills)
  An orc warlord (Orc:2)
  A minotaur (Gauntlet)
  2 vault guards (D:13)
  3 hydras
  2 boulder beetles
  2 centaur warriors
  A death yak (Lair:5)
  A naga warrior (Snake:1)
  An orc high priest (Orc:2)
  Nergalle (Lair:3)
  A skeletal warrior (D:15)
  A naga ritualist (Snake:1)
  A wizard (D:13)
  A lindwurm (Lair:3)
  2 wolf spider zombies (D:15)
  5 ugly things
  2 orc sorcerers
  3 cyclopes
  An elephant (Lair:5)
  2 black mambas (Lair:2)
  A naga mage (D:15)
  A cane toad (Lair:4)
  An unseen horror (D:12)
  An efreet (D:13)
  A rime drake (Lair:2)
  A troll (shapeshifter) (D:14)
  A troll (D:8)
  A meliai (Gauntlet)
  A hornet (D:8)
  5 blink frogs
  A slime creature (D:8)
  2 dream sheep
  4 shadows
  A wraith (D:12)
  5 wyverns
  7 yaks
  A hog (Lair:3)
  A basilisk (D:11)
  6 humans (D:13)
  4 vampire mosquitoes
  4 fire elementals (D:14)
  A naga (Snake:1)
  3 water moccasins
  A warg (Orc:2)
  A hell hound (D:13)
  12 orc warriors
  3 wolves
  6 centaurs (D:13)
  6 ogres
  A kobold brigand (D:8)
  A gnoll sergeant (D:11)
  2 killer bees
  3 orc priests (Orc:2)
  A gnoll bouda (Orc:2)
  3 orc wizards
  5 gnolls
  23 orcs
  A kobold (D:8)
  A butterfly (Lair:2)
158 creatures vanquished.

Vanquished Creatures (others)
  A hell hound (D:14)
  2 ogres (D:14)
  5 knights
  29 fungi
  57 plants
94 creatures vanquished.

Grand Total: 883 creatures vanquished

Notes
Turn   | Place    | Note
-------+----------+-------------------------------------------
     0 | D:1      | GeoRichter the Kobold Hunter began the quest for the Orb.
     0 | D:1      | Reached XP level 1. HP: 12/12 MP: 1/1
   114 | D:1      | Reached XP level 2. HP: 16/17 MP: 2/2
   572 | D:1      | Reached skill level 6 in Ranged Weapons
   861 | D:1      | Reached XP level 3. HP: 21/21 MP: 3/3
  1255 | D:2      | Reached XP level 4. HP: 26/26 MP: 4/4
  1293 | D:2      | Noticed Jessica
  1298 | D:2      | Killed Jessica
  1348 | D:2      | Reached skill level 7 in Ranged Weapons
  1612 | D:2      | Reached XP level 5. HP: 30/30 MP: 5/5
  1626 | D:2      | Noticed Sigmund
  1627 | D:2      | Noticed Terence
  1628 | D:2      | Killed Terence
  1628 | D:2      | Killed Sigmund
  1629 | D:2      | Reached skill level 8 in Ranged Weapons
  1629 | D:2      | Reached skill level 5 in Stealth
  1629 | D:2      | Reached XP level 6. HP: 35/35 MP: 6/6
  1776 | D:3      | Found a faded altar of an unknown god.
  1794 | D:3      | Found Vagh's Weapon Shop.
  1855 | D:3      | Noticed Ijyb
  1908 | D:3      | Killed Ijyb
  2116 | D:3      | Found a glowing drain.
  2124 | Sewer    | Entered a sewer
  2282 | Sewer    | Reached skill level 9 in Ranged Weapons
  2282 | Sewer    | Reached XP level 7. HP: 23/40 MP: 7/7
  2667 | Sewer    | HP: 2/40 [kobold brigand/+0 short sword (3)]
  3015 | Sewer    | Reached skill level 10 in Ranged Weapons
  3155 | Sewer    | Reached XP level 8. HP: 43/44 MP: 8/8
  3618 | D:3      | Noticed Natasha
  3622 | D:3      | Killed Natasha
  3755 | D:3      | Noticed Natasha
  3761 | D:3      | Killed Natasha
  3778 | D:3      | Noticed Natasha
  3784 | D:3      | Killed Natasha
  4106 | D:3      | Found a runed translucent door.
  4109 | D:3      | Noticed Crazy Yiuf
  4119 | D:3      | Killed Crazy Yiuf
  5023 | D:4      | Reached skill level 11 in Ranged Weapons
  5251 | D:5      | Entered Level 5 of the Dungeon
  5391 | D:5      | Found a transporter.
  5410 | D:5      | Found a transporter.
  5481 | D:5      | Noticed a wyvern
  5485 | D:5      | Killed a wyvern
  5486 | D:5      | Reached XP level 9. HP: 52/52 MP: 9/9
  5668 | D:5      | Noticed a hornet
  5670 | D:5      | Noticed Dowan
  5671 | D:5      | Noticed Duvessa
  5682 | D:4      | Killed a hornet
  5683 | D:4      | Reached skill level 12 in Ranged Weapons
  6114 | D:5      | Killed Duvessa
  6120 | D:5      | Killed Dowan
  6461 | D:6      | Reached skill level 5 in Dodging
  6805 | D:6      | Found a blossoming altar of Fedhas.
  6870 | D:6      | Reached skill level 5 in Fighting
  6923 | D:6      | Found an ornate altar of the Wu Jian Council.
  7234 | D:7      | Reached skill level 13 in Ranged Weapons
  7239 | D:7      | Reached XP level 10. HP: 43/59 MP: 10/10
  7792 | D:7      | Found a broken altar of Ashenzari.
  7797 | D:7      | Found a bloodstained altar of Trog.
  8236 | D:7      | Found a staircase to the Ecumenical Temple.
  8243 | Temple   | Entered the Ecumenical Temple
  8482 | Temple   | Became a worshipper of Hepliaklqana the Forgotten
  9216 | D:7      | Reached skill level 10 in Stealth
  9478 | D:8      | Reached skill level 14 in Ranged Weapons
  9809 | D:8      | Noticed a two-headed ogre
  9809 | D:8      | Noticed a four-headed hydra
  9964 | D:8      | Noticed a boulder beetle
 10019 | D:9      | Found a radiant altar of Vehumet.
 10064 | D:9      | Found a staircase to the Orcish Mines.
 10249 | D:9      | Reached * piety under Hepliaklqana
 10380 | D:9      | Reached XP level 11. HP: 59/59 MP: 11/11
 10975 | D:10     | Entered Level 10 of the Dungeon
 11179 | D:10     | Found Puyrac Lynyb's Assorted Antiques.
 11323 | D:10     | Reached skill level 15 in Ranged Weapons
 11415 | D:10     | Reached ** piety under Hepliaklqana
 11416 | D:10     | Remembered your ancestor Dagmar as a knight
 11430 | D:10     | Reached skill level 1 in Evocations
 11577 | D:10     | Found Niusoxt's General Store.
 11580 | D:10     | Bought a +5 arbalest for 346 gold pieces
 11750 | D:10     | Found Osavvo's Assorted Antiques.
 11781 | D:10     | Found Bifucleg's Book Emporium.
 11812 | D:10     | Found a basalt altar of Yredelemnul.
 12087 | D:8      | Reached skill level 1 in Invocations
 12145 | D:8      | Identified the +2 ring mail "Orphodghiaw" {rN+ Dex+4}
 12190 | D:8      | Got the Monograph on the Flock and Ensorcelling
 12269 | D:8      | Noticed a manticore
 12274 | D:8      | Killed a manticore
 12467 | D:8      | Paralysed by a hornet for 2 turns
 12541 | D:8      | Killed a four-headed hydra
 12770 | D:8      | Killed a two-headed ogre
 12878 | D:11     | Reached skill level 16 in Ranged Weapons
 12884 | D:11     | Reached XP level 12. HP: 65/65 MP: 14/14
 12931 | D:11     | Reached skill level 1 in Armour
 13198 | D:11     | Found a staircase to the Lair.
 13301 | D:11     | Found Hoota's CLEARANCE SALE!.
 13437 | Lair:1   | Entered Level 1 of the Lair of Beasts
 13466 | Lair:1   | Reached skill level 5 in Evocations
 13629 | Lair:1   | Reached *** piety under Hepliaklqana
 14365 | Lair:2   | Reached skill level 17 in Ranged Weapons
 14477 | Lair:2   | Reached **** piety under Hepliaklqana
 14692 | Lair:2   | Found a staircase to the Snake Pit.
 14703 | Lair:2   | Reached XP level 13. HP: 72/72 MP: 15/15
 14847 | Lair:2   | Found a staircase to the Swamp.
 14912 | Lair:2   | Reached skill level 10 in Fighting
 15448 | Lair:3   | Found a sacrificial altar of Ru.
 15741 | Lair:3   | Noticed Kirke
 15747 | Lair:3   | Reached skill level 10 in Dodging
 15748 | Lair:3   | Killed Kirke
 15924 | Lair:3   | Noticed Nergalle
 15927 | Lair:3   | Killed Nergalle
 16386 | Lair:3   | Noticed a seven-headed hydra
 16389 | Lair:3   | Killed a seven-headed hydra
 16618 | Lair:4   | Noticed a seven-headed hydra
 16622 | Lair:4   | Killed a seven-headed hydra
 16623 | Lair:4   | Reached skill level 18 in Ranged Weapons
 16674 | Lair:4   | Reached ***** piety under Hepliaklqana
 16707 | Lair:4   | Noticed a seven-headed hydra
 16711 | Lair:4   | Killed a seven-headed hydra
 16748 | Lair:4   | Found a staircase to the Slime Pits.
 16802 | Lair:4   | Reached skill level 1 in Short Blades
 16873 | Lair:4   | Noticed a seven-headed hydra
 16876 | Lair:4   | Killed a seven-headed hydra
 17535 | Lair:5   | Entered Level 5 of the Lair of Beasts
 17627 | Lair:5   | Reached XP level 14. HP: 72/81 MP: 16/16
 18946 | Orc:1    | Entered Level 1 of the Orcish Mines
 19315 | Orc:1    | Found a runed translucent door.
 19323 | Orc:1    | Noticed a balrug
 19461 | Orc:2    | Entered Level 2 of the Orcish Mines
 19461 | Orc:2    | Noticed Erolcha
 19468 | Orc:2    | Killed Erolcha
 19995 | Orc:2    | Reached skill level 5 in Invocations
 20073 | Orc:2    | Found Mejill's Magic Scroll Shoppe.
 20078 | Orc:2    | Bought a scroll of magic mapping for 112 gold pieces
 20078 | Orc:2    | Bought a scroll of silence for 142 gold pieces
 20086 | Orc:2    | Found a staircase to the Elven Halls.
 20171 | Orc:2    | Reached skill level 5 in Armour
 20197 | Orc:2    | Reached skill level 5 in Short Blades
 20354 | Orc:2    | Noticed an orc warlord
 20360 | Orc:2    | Killed an orc warlord
 20369 | Orc:2    | Found Ateramp's Antique Armour Boutique.
 20370 | Orc:2    | Found Casefes's Antique Weapon Shop.
 20806 | Orc:2    | Reached XP level 15. HP: 83/87 MP: 19/19
 21227 | Orc:2    | Found Deunylok's Assorted Antiques.
 21232 | Orc:2    | Bought a scratched glass ring for 100 gold pieces
 22583 | D:12     | Reached ****** piety under Hepliaklqana
 22899 | D:12     | Found a broken altar of Ashenzari.
 23192 | D:13     | Found a gate leading to a gauntlet.
 23198 | Gauntlet | Entered a Gauntlet
 23198 | Gauntlet | Found a transporter.
 23213 | Gauntlet | Found a transporter.
 23218 | Gauntlet | Found a runed translucent door.
 23231 | Gauntlet | Noticed a balrug
 23240 | Gauntlet | Found a transporter.
 23250 | Gauntlet | Found a transporter.
 23252 | Gauntlet | Found the +8 orange crystal plate armour {Archmagi, Int+3
                  | Clar}
 23271 | Gauntlet | Found a transporter.
 23276 | Gauntlet | Found a transporter.
 23297 | Gauntlet | Found a transporter.
 23308 | Gauntlet | Found a transporter.
 23364 | Gauntlet | Found a transporter.
 23391 | Gauntlet | Found a transporter.
 23402 | Gauntlet | Found a transporter.
 23409 | Gauntlet | Found a runed translucent door.
 23412 | Gauntlet | Found a transporter.
 23444 | Gauntlet | Found a transporter.
 23470 | Gauntlet | Found a transporter.
 23682 | Gauntlet | Reached skill level 15 in Stealth
 23722 | Gauntlet | Identified the +1 helmet of Kapuqih {rElec rN+}
 24116 | D:13     | Found a sparkling altar of Nemelex Xobeh.
 24291 | D:13     | Noticed Rupert
 24553 | D:13     | Found a gate to the Vaults.
 24720 | D:13     | Reached XP level 16. HP: 94/94 MP: 21/21
 25121 | D:13     | Killed Rupert
 25171 | D:14     | Noticed Azrael
 25452 | D:14     | Noticed Frances
 25457 | D:14     | Killed Frances
 25458 | D:14     | Reached XP level 17. HP: 99/99 MP: 22/22
 25597 | D:14     | You fall into a shaft and drop 1 floor!
 25597 | D:15     | Entered Level 15 of the Dungeon
 25701 | D:15     | Noticed Louise
 25712 | D:15     | Killed Louise
 25860 | D:15     | Reached skill level 10 in Evocations
 26191 | D:15     | Found Komuwiarph's Book Emporium.
 26423 | D:15     | Identified a scroll of acquirement
 26448 | D:15     | Found a staircase to the Depths.
 26936 | D:14     | Noticed Lodul
 26945 | D:14     | Killed Lodul
 26965 | D:14     | Found a burning altar of Makhleb.
 26970 | D:14     | Identified the +2 robe of Free Will {rC+ Dex+4}
 27075 | D:14     | Killed Azrael
 27812 | Snake:1  | Entered Level 1 of the Snake Pit
 27813 | Snake:1  | Acquired 791 gold pieces
 27880 | Snake:1  | Noticed Mlioglotl
 27895 | Snake:1  | Killed Mlioglotl
 28624 | Snake:1  | Reached skill level 15 in Fighting
 28734 | Snake:1  | You fall into a shaft and drop 1 floor!
 29211 | Snake:2  | Killed from afar by a salamander tyrant

Illustrated notes

Levels and vault maps discovered:
D:1:      amcnicky_arrival_feature_with_door, layout_basic
D:2:      minmay_chambers_of_twos, layout_rooms, minmay_heptomino_w4,
          uniq_terence, uniq_sigmund, uniq_jessica
D:3:      layout_rooms, hellmonk_ecumenical_altar_leap_of_faith,
          cheibrodos_sewer_entry_sluice, serial_shops, nicolae_shop_stone,
          uniq_ijyb, uniq_natasha, uniq_crazy_yiuf_cottage
D:4:      layout_loops_ring
D:5:      gammafunk_steamed_eel, layout_basic, kennysheep_donut,
          minmay_misc_feat_doors, uniq_duvessa
D:6:      layout_gridville, mainiacjoe_overflow_24_doors,
          mainiacjoe_overflow_alcove_4
D:7:      layout_basic, mainiacjoe_overflow_catwalk_spiral,
          minmay_temple_entry_overgrown, enter_bailey_5, serial_bayou_pond_a
D:8:      minmay_the_grid_octo_tiled_octocenter [minmay_the_grid_octo_clover_2,
          minmay_the_grid_octo_toaster, minmay_the_grid_octo_fan_narrow,
          minmay_the_grid_octo_checkerflower,
          minmay_the_grid_octo_prize_square_snowflake,
          minmay_the_grid_square_5x5_gyroscope,
          minmay_the_grid_square_5x5_fancy_junction,
          minmay_the_grid_square_5x5_meh,
          minmay_the_grid_square_5x5_two_walls_a], layout_cave_pools
D:9:      layout_irregular_city, mainiacjoe_overflow_chevrons, david_orc_3
D:10:     layout_long_grid, mainiacjoe_overflow_alcove_1, serial_shops,
          nicolae_shop_behind_doors, nicolae_shop_advertising_works
          [nicolae_subvault_shop_adworks], nicolae_square_shop, shop
D:11:     layout_roguey, minmay_lair_entry_grove, abandoned_shop,
          minmay_misc_feat_rows, nicolae_shop_clearance
D:12:     layout_layer_cave, ashenzari_altar_1
D:13:     layout_loops_ring, grunt_vaults_entry_tiered, gauntlet_entry_generic,
          nemelex_lonely_heart_becter, uniq_rupert
D:14:     layout_grid_maze, bloody_makhleb, uniq_lodul, uniq_frances,
          uniq_azrael
D:15:     grunt_enter_depths_magical_seal, layout_layer_cave, serial_shops,
          shop_fountains, uniq_louise
Temple:   eino_temple_scatter_basement
Lair:1:   layout_hall_layers
Lair:2:   layout_gridlike, nicolae_swamp_entry_splash_gauntlet,
          minmay_snake_entry_guardpost_small, lemuel_fruit_fields,
          infiniplex_staircase_pool
Lair:3:   layout_gridlike, basic_altar, nicolae_volcano_entry_two_sided,
          uniq_nergalle, uniq_kirke
Lair:4:   layout_regular_city, slime_entry_1
Lair:5:   grunt_lair_end_beastmaster, layout_cave_pods,
          chequers_serial_rivers_small_3
Snake:1:  nicolae_snake_nest, layout_misc_corridors, uniq_mlioglotl
Snake:2:  layout_layer_cave, guppyfry_snake_island, minmay_shop_grove,
          uniq_vashnia
Orc:1:    dreamdust_dug_too_deep, layout_caves
Orc:2:    grunt_orc_community_town_hall, layout_caves,
          grunt_orc_community_big_house_1, grunt_orc_community_big_house_2,
          grunt_orc_community_house_2, grunt_orc_community_house_3,
          grunt_orc_community_house_3, grunt_orc_community_house_3,
          grunt_orc_community_house_1, grunt_orc_community_house_1,
          minmay_orc_temple_b, uniq_erolcha

Skill      XL: |  1  2  3  4  5  6  7  8  9 10 11 12 13 14 15 16 17 |
---------------+----------------------------------------------------+-----
Stealth        | 2 3 5 6 7 9 10 11 12 13 14 15 16 | 16.4
Ranged Weapons | 6 7 8 9 10 11 13 14 16 17 18 | 18.0
Dodging        | 4 5 7 8 9 10 11 12 13 | 13.0
Fighting       | 3 5 6 8 9 11 12 13 15 | 15.0
Evocations     | 3 5 7 8 9 10 | 10.8
Invocations    | 3 5 6 8 |  8.1
Armour         | 2 4 5 7 8 |  8.0
Short Blades   | 2 5 7 8 |  8.9

Action                   |  1- 3 |  4- 6 |  7- 9 | 10-12 | 13-15 | 16-18 || total
-------------------------+-------+-------+-------+-------+-------+-------++-------
Melee: Dagger            |       |    61 |   176 |     3 |    13 |       ||   253
       Punch             |       |     2 |     1 |       |     1 |       ||     4
       Arbalest          |       |       |       |       |     2 |       ||     2
 Fire: Shortbow          |    59 |    67 |    37 |       |       |       ||   163
       Arbalest          |       |       |    72 |   408 |   681 |   226 ||  1387
Invok: Ancestor Life: Kn |       |       |       |     1 |       |       ||     1
       Recall Ancestor   |       |       |       |       |     1 |     4 ||     5
       Idealise          |       |       |       |       |     1 |       ||     1
Evoke: Wand              |       |       |     1 |     4 |     9 |     3 ||    17
       Condenser vane    |       |       |       |       |     3 |     2 ||     5
       Phantom mirror    |       |       |       |       |     2 |     2 ||     4
       Box of beasts     |       |       |       |       |       |     1 ||     1
  Use: Scroll            |       |     1 |    12 |     9 |    11 |     3 ||    36
       Potion            |       |     2 |     6 |     1 |     5 |       ||    14
 Stab: Sleeping          |       |     6 |    11 |     3 |       |       ||    20
       Distracted        |       |       |     1 |       |     1 |       ||     2
Armor: Leather armour    |     5 |    16 |    20 |    15 |       |       ||    56
       Ring mail         |       |       |       |    14 |    40 |    15 ||    69
Dodge: Dodged            |    19 |    38 |   140 |   168 |   184 |    78 ||   627
Block: Other             |       |       |    10 |    47 |    47 |    12 ||   116
       Reflection        |       |       |     1 |     5 |     3 |       ||     9
